Map: 오토메이턴 - 래더

Players

Keen - Winner!

  • Race: Terran Terran
  • Spawn Location: 3:00

Clem

  • Race: Terran Terran
  • Spawn Location: 9:00

Event: IEM Season 13: Katowice (2019)

VOD

Have the link to the VOD?

Description

Time

  • Played on: Feb. 25, 2019, 9:03 a.m.
  • Length: 10:33

All games in this series

Show
View Real Time Build Order
Export as new Build Order

Keen Terran - Winner!

Build Orders:  

Get SALT Encoding   

  12  0:00  SCV  
  13  0:12  SCV  
  14  0:17  Supply Depot  
  14  0:24  SCV  
  15  0:29  Refinery  
  15  0:39  SCV  
  16  0:45  Barracks  
  16  0:51  SCV  
  17  0:58  Refinery  
  17  1:03  SCV  
  18  1:15  SCV  
  19  1:32  Orbital Command  
  19  1:33  Reaper  
  19  1:37  Factory  
  20  1:48  Supply Depot  
  20  1:57  SCV  
  21  2:05  Reaper  
  22  2:09  SCV  
  23  2:21  Hellion  
  25  2:27  Command Center  
  25  2:29  SCV  
  26  2:35  Supply Depot  
  26  2:38  Reaper  
  26  2:41  SCV  
  28  2:45  Hellion  
  30  2:53  SCV  
  30  2:57  Starport  
  31  3:06  SCV, Hellion  
  34  3:19  Barracks Reactor  
  31  3:20  SCV  
  32  3:28  Factory Tech Lab  
  32  3:32  SCV  
  33  3:36  Starport Tech Lab  
  33  3:39  Orbital Command  
  33  3:45  SCV  
  34  3:48  Cyclone  
  34  3:52  Refinery  
  34  3:53  Supply Depot  
  37  3:56  Raven, Marine x2  
  37  3:58  SCV  
  42  4:09  SCV  
  39  4:20  Marine x2  
  39  4:21  SCV  
  39  4:24  Cyclone  
  44  4:25  SCV  
  44  4:30  Supply Depot  
  45  4:33  SCV  
  45  4:37  SCV  
  47  4:42  Barracks  
  48  4:45  SCV  
  48  4:49  SCV  
  48  4:50  Barracks, Starport Reactor  
  48  4:51  Marine  
  48  4:52  Supply Depot  
  50  4:54  Stimpack  
  50  5:00  SCV  
  50  5:01  SCV  
  50  5:02  Siege Tank  
  55  5:12  Supply Depot, SCV, Marine  
  55  5:13  SCV  
  58  5:16  Engineering Bay  
  58  5:28  SCV x2  
  58  5:29  Marine  
  58  5:31  Marine x2  
  61  5:35  Supply Depot  
  61  5:36  Siege Tank, Refinery  
  61  5:38  Starport Reactor  
  61  5:44  SCV x2  
  61  5:49  Marine x4  
  61  5:50  Marine  
  61  5:53  Terran Infantry Weapons Level 1  
  61  5:56  SCV x2  
  64  6:01  Supply Depot  
  64  6:06  Marine  
  64  6:07  Marine  
  64  6:08  SCV x2  
  64  6:09  Marine x3  
  71  6:13  Siege Tank  
  71  6:16  Medivac  
  76  6:20  Medivac  
  76  6:24  Marine  
  79  6:27  Marine x2  
  79  6:31  Marine x2  
  83  6:38  Command Center  
  83  6:42  Marine  
  83  6:43  Supply Depot  
  83  6:44  Marine  
  85  6:47  Supply Depot  
  85  6:48  Medivac  
  85  6:50  Medivac  
  89  6:55  Combat Shield  
  89  6:58  Siege Tank  
  92  7:03  Marine x3  
  92  7:04  Marine x2  
  92  7:05  SCV  
  92  7:07  SCV  
  99  7:11  Supply Depot  
  83  7:21  Marine x2  
  83  7:22  Marine  
  82  7:25  Medivac  
  82  7:26  Medivac  
  82  7:27  Marine x2  
  81  7:31  Siege Tank  
  84  7:39  Marine x2  
  84  7:40  Marine  
  84  7:43  SCV x2  
  89  7:49  Barracks, Terran Infantry Armor Level 1  
  89  7:51  Marauder, Barracks  
  91  7:56  Orbital Command  
  91  7:59  SCV x2  
  91  8:05  Marine x2  
  93  8:11  SCV  
  88  8:13  Marine  
  88  8:17  Liberator, SCV  
  88  8:19  Liberator, Marine  
  82  8:20  Marauder  
  82  8:23  SCV  
  83  8:28  SCV  
  83  8:29  Siege Tank, SCV  
  83  8:33  Marine x3  
  91  8:36  SCV  
  91  8:37  Marine  
  91  8:40  SCV  
  100  8:41  SCV  
  100  8:43  Barracks Tech Lab x2  
  100  8:46  Marauder  
  100  8:48  SCV  
  104  8:51  Armory  
  104  8:52  Engineering Bay  
  104  8:53  SCV  
  105  8:57  Marine  
  105  8:58  Marine  
  105  8:59  Concussive Shells  
  105  9:02  Marauder  
  109  9:04  Marauder  
  109  9:07  Marine x2  
  109  9:08  Marauder  
  115  9:11  Siege Tank  
  115  9:15  Marine  
  119  9:17  Refinery  
  119  9:18  Refinery  
  119  9:19  Medivac  
  119  9:23  Marauder, Marine  
  123  9:24  Marine  
  123  9:25  Marauder, Medivac, Marine  
  123  9:29  Supply Depot  
  129  9:38  Marauder  
  131  9:40  Command Center  
  131  9:45  Marauder, Marine  
  133  9:46  Marauder  
  133  9:48  Marine  
  133  9:49  Marine x2  
  139  9:59  Marauder  
  141  10:03  Marine  
  141  10:05  Marine  
  141  10:06  Marine x2  
  146  10:07  Marine  
  146  10:08  Marauder  
  146  10:10  Supply Depot  
Show
View Real Time Build Order
Export as new Build Order

Clem Terran 

Build Orders: Mech 

Get SALT Encoding   

  12  0:00  SCV  
  13  0:13  SCV  
  14  0:17  Supply Depot  
  14  0:25  SCV  
  15  0:30  Refinery  
  15  0:39  SCV  
  16  0:45  Barracks  
  16  0:51  SCV  
  17  0:59  Refinery  
  17  1:03  SCV  
  18  1:15  SCV  
  19  1:32  Orbital Command  
  19  1:34  Factory  
  19  1:36  Reaper  
  20  1:45  Supply Depot  
  20  1:57  SCV  
  21  2:08  Reaper  
  22  2:11  SCV  
  23  2:18  Hellion  
  25  2:23  SCV  
  26  2:31  Command Center  
  26  2:37  SCV  
  26  2:42  Starport  
  27  2:44  Reaper  
  27  2:49  Hellion  
  30  2:54  Supply Depot  
  30  2:59  SCV  
  31  3:12  SCV  
  31  3:19  Factory Tech Lab  
  31  3:20  Barracks Tech Lab  
  31  3:24  SCV  
  30  3:36  SCV  
  30  3:39  Cyclone  
  34  3:42  Orbital Command  
  34  3:44  Refinery  
  34  3:45  Raven  
  36  3:48  SCV  
  37  4:00  SCV  
  37  4:08  SCV  
  36  4:11  Cyclone  
  36  4:13  SCV  
  38  4:20  SCV  
  38  4:21  Factory  
  38  4:22  Supply Depot  
  39  4:25  SCV  
  39  4:26  Barracks Reactor  
  40  4:32  Refinery  
  40  4:33  SCV  
  40  4:35  Viking  
  40  4:37  SCV  
  44  4:45  SCV  
  45  4:49  SCV  
  46  4:55  Siege Tank  
  46  4:57  SCV  
  46  4:59  Supply Depot  
  50  5:09  SCV x2  
  50  5:12  Factory  
  52  5:16  Viking x2  
  56  5:27  Siege Tank  
  56  5:28  SCV  
  55  5:37  Siege Tank  
  55  5:38  SCV  
  59  5:43  SCV  
  59  5:48  Viking  
  59  5:50  SCV  
  59  5:52  Viking  
  59  5:53  Supply Depot  
  62  5:58  SCV  
  62  5:59  Factory Reactor, Supply Depot  
  63  6:06  SCV  
  63  6:09  Siege Tank  
  67  6:15  SCV  
  68  6:21  Siege Tank  
  68  6:23  Command Center  
  71  6:26  SCV, Supply Depot  
  71  6:30  Viking  
  74  6:38  Hellion x2  
  78  6:42  Supply Depot  
  78  6:43  Siege Tank  
  81  6:48  Supply Depot  
  81  6:58  Siege Tank  
  81  6:59  Hellion x2  
  88  7:03  Supply Depot  
  88  7:06  Viking  
  61  7:08  Viking  
  86  7:18  Hellion  
  86  7:21  Hellion x2  
  86  7:22  SCV  
  77  7:35  Armory x2  
  77  7:38  Orbital Command  
  77  7:42  Siege Tank  
  77  7:43  Hellion  
  82  7:45  Siege Tank  
  82  7:47  Hellion  
  87  7:55  SCV x2  
  89  8:02  Viking x2  
  93  8:08  Orbital Command  
  79  8:13  Hellion x2  
  79  8:14  SCV  
  79  8:15  SCV  
  79  8:17  Siege Tank  
  77  8:24  Siege Tank  
  74  8:31  SCV x2  
  74  8:34  SCV, Hellion  
  77  8:35  Refinery  
  77  8:39  Viking  
  77  8:40  Refinery  
  81  8:41  Viking  
  83  8:51  SCV  
  84  8:55  Engineering Bay  
  84  8:57  Siege Tank, Hellion x2  
  84  9:00  SCV  
  92  9:09  Siege Tank  
  95  9:11  Viking  
  95  9:15  SCV x3  
  100  9:20  Hellion x2  
  104  9:27  Factory, Supply Depot  
  104  9:28  Barracks Tech Lab, Factory  
  81  9:31  Viking  
  104  9:34  SCV  
  104  9:35  SCV  
  104  9:37  SCV  
  109  9:41  Hellion x2  
  109  9:44  Viking  
  115  9:47  SCV  
  115  9:50  SCV  
  115  9:58  Siege Tank  
  118  10:01  Viking  
  118  10:02  Missile Turret  
  118  10:04  Sensor Tower  
  120  10:07  Missile Turret  
  121  10:14  SCV x3  

Tags
 
Add a new tag
Caveats
  • Supply blocks, unpowered buildings, or Contaminate may cause inaccurate times.
  • Supply counts are checked every 10 seconds.